 Dungeon Crawl Stone Soup version 0.18.1-47-g9310371 (webtiles) character file.

30 Implojin the Ruffian (level 3, -2/36 HPs)
             Began as a Troll Fighter on June 22, 2016.
             Slain by Sigmund
             ... wielding a +0 scythe
              (12 damage)
             ... on level 4 of the Dungeon.
             The game lasted 00:01:49 (343 turns).

Implojin the Ruffian (Troll Fighter)                 Turns: 343, Time: 00:01:50

Health: -2/36      AC:  6    Str: 29    XL:     3   Next: 5%
Magic:  2/2        EV:  8    Int:  4    God:
Gold:   45         SH:  9    Dex: 10    Spells: 0 memorised, 2 levels left

rFire  . . .     SeeInvis .       - Unarmed
rCold  . . .     Gourm    +     a - +0 robe
rNeg   . . .     Faith    .     b - +0 shield
rPois  .         Spirit   .     (helmet restricted)
rElec  .         Dismiss  .     (no cloak)
rCorr  +         Reflect  .     (gloves unavailable)
SustAt .         Harm     .     (boots unavailable)
MR     .....                    (no amulet)
Stlth  +.........               i - +1 ring of protection
                                f - ring of resist corrosion

@: mighty, lethally poisoned (-2 -> -6), not resistant to hostile enchantments,
very unstealthy
A: unfitting armour, claws 3, fast metabolism 3, gourmand, regeneration 2,
shaggy fur 1, tough skin 2
a: no special abilities


You were on level 4 of the Dungeon.
You were full.

You visited 1 branch of the dungeon, and saw 4 of its levels.

You collected 45 gold pieces.

Inventory:

Armour
 a - a +0 robe (worn)
 b - a +0 shield (worn)
 l - a +0 large shield
Jewellery
 f - a ring of resist corrosion (left claw)
 i - a +1 ring of protection (right claw)
 k - an uncursed ring of protection from cold {unknown}
Scrolls
 g - a scroll of noise {unknown}
 j - a scroll of teleportation {unknown}
Potions
 e - a potion of agility {unknown}
 h - a potion of magic {unknown}
Comestibles
 d - 2 bread rations


   Skills:
 - Level 2.4 Fighting
 - Level 2.4 Dodging
 - Level 2.4 Shields
 * Level 3.5 Unarmed Combat


You had 2 spell levels left.
You didn't know any spells.

Dungeon Overview and Level Annotations

Branches:
Dungeon (4/15)
 Temple: D:4-7

Altars:

Annotations:
D:4 Sigmund


Innate Abilities, Weirdness & Mutations

You are too large for most types of armour.
You have claws for hands.
Your metabolism is lightning-fast.
You like to eat raw meat.
You heal very quickly.
You are covered in fur (AC +1).
You have very tough skin (AC +2).


Message History

You climb downwards.
An adder and Sigmund come into view.
Sigmund shouts!
Found three items.
There is a stone staircase leading up here.
Unknown command.
Sigmund points at you and mumbles some strange words.
The puff of flame hits you!
Sigmund screams, "Don't try to resist!"
Sigmund hits you from afar with a scythe!
You barely miss Sigmund. You block Sigmund's attack.
You scratch Sigmund but do no damage. Sigmund hits you with a scythe.
You closely miss Sigmund. The adder completely misses you.
Your shield prevents you from hitting Sigmund.
Sigmund completely misses you. The adder bites you.
* * * LOW HITPOINT WARNING * * *
You are poisoned.
The adder poisons you!
Drink which item? (? for menu, Esc to quit)
You feel very mighty all of a sudden.
You feel sick. The adder bites you.
* * * LOW HITPOINT WARNING * * *
Sigmund points at you and mumbles some strange words.
The puff of flame hits you! The adder bites you.
* * * LOW HITPOINT WARNING * * *
You are more poisoned.
The adder poisons you!
You closely miss Sigmund.
You feel sick. You block Sigmund's attack. You block the adder's attack.
Unknown command.
You mangle Sigmund!!
Sigmund is severely wounded.
You feel sick. You block the adder's attack.
You scratch Sigmund.
Sigmund is almost dead.
You feel sick. The adder bites you.
* * * LOW HITPOINT WARNING * * *
You are more poisoned.
The adder poisons you! Sigmund hits you with a scythe!
You die...

............
............#
.............####
#.................
#..!..............
#.................
#.........@.......
#........S@.......
#.............####
#......?......#
#.(...........#
#.....<.......#
#.............#
##############..
.## #


You could see Sigmund and an adder.

Vanquished Creatures
  2 adders (D:2)
  A giant cockroach (D:3)
  3 goblins (D:1)
  A hobgoblin (D:1)
  2 bats
  A giant newt (D:1)
  3 kobolds (D:1)
  2 rats (D:1)
15 creatures vanquished.

Notes
Turn   | Place    | Note
--------------------------------------------------------------
     0 | D:1      | Implojin the Troll Fighter began the quest for the Orb.
     0 | D:1      | Reached XP level 1. HP: 22/22 MP: 0/0
    96 | D:1      | Reached XP level 2. HP: 29/29 MP: 1/1
   171 | D:2      | Reached skill level 3 in Unarmed Combat
   252 | D:2      | Reached XP level 3. HP: 36/36 MP: 2/2
   331 | D:4      | Noticed Sigmund
   343 | D:4      | Slain by Sigmund

Skill      XL: |  1  2 |
---------------+-------+-----
Unarmed Combat | 3 |  3.5
Fighting       | |  2.4
Dodging        | |  2.4
Shields        | |  2.4

Action                   || total
-------------------------++-------
Melee: Unarmed           ||    38
  Use: Potion            ||     1
 Stab: Sleeping          ||     1
  Eat: Chunk             ||     6
Armor: Robe              ||    17
Dodge: Dodged            ||    17
Block: Shield            ||    22

Table legend:
 A = Turns spent in this place as a percentage of turns spent in the entire game.
 B = Non-inter-level travel turns spent in this place as a percentage of non-inter-level travel turns spent in the entire game.
 C = Inter-level travel turns spent in this place as a percentage of turns spent in this place.
 D = Turns resting spent in this place as a percentage of non-inter-level travel turns spent in this place.
 E = Turns spent auto-exploring this place as a percentage of non-inter-level travel turns spent in this place.
 F = Non-inter-level travel turns spent in this place divided by the number of levels of this place that you've seen.
                   A       B       C       D       E      F
               +-------+-------+-------+-------+-------+----------------------
         Total | 100.0 | 100.0 |   0.0 |   0.0 |   0.0 |  80.5
       Dungeon | 100.0 | 100.0 |   0.0 |   0.0 |   0.0 |  80.5
               +-------+-------+-------+-------+-------+----------------------

Table legend:
 A = Kills in this place as a percentage of kills in entire the game.
 B = Kills by you in this place as a percentage of kills by you in the entire game.
 C = Kills by friends in this place as a percentage of kills by friends in the entire game.
 D = Other kills in this place as a percentage of other kills in the entire game.
 E = Experience gained in this place as a percentage of experience gained in the entire game.
 F = Experience gained in this place divided by the number of levels of this place that you have seen.
                   A       B       C       D       E      F
               +-------+-------+-------+-------+-------+----------------------
         Total | 100.0 | 100.0 |  -nan |  -nan | 100.0 |  11.0
       Dungeon | 100.0 | 100.0 |  -nan |  -nan | 100.0 |  11.0
               +-------+-------+-------+-------+-------+----------------------
